 Crawl Stoat Soup version 0.23-s1-126-gd481b46879 (console) character file.

3 hilarita the Charmwright (level 1, -1/12 HPs)
             Began as a Tengu Skald on July 4, 2021.
             Slain by a kobold
             ... wielding a +0 dagger
              (5 damage)
             ... on level 1 of the Dungeon.
             The game lasted 00:00:41 (31 turns).

hilarita the Charmwright (Tengu Skald)                Turns: 31, Time: 00:00:42

Health: -1/12      AC:  3    Str: 11    XL:     1   Next: 50%
Magic:  2/3 (4)    EV: 12    Int: 13    God:
Gold:   0          SH:  0    Dex: 13    Spells: 3/4 levels left

rFire    . . .     SeeInvis .   a - +0 falchion
rCold    . . .     Gourm    .   (no shield)
rNeg     . . .     Faith    .   b - +0 leather armour
rPois    .         Spirit   .   (helmet restricted)
rElec    .         Warding  .   (no cloak)
rCorr    .         Reflect  .   (no gloves)
MR       .....     Harm     .   (boots unavailable)
Stlth    +.........             (no amulet)
HPRegen  0.04/turn              (no ring)
MPRegen  0.09/turn              (no ring)

@: infusion suppressed, very slightly contaminated, 1 MP reserved for charms
A: beak, talons 3
a: End Permanent Enchantments


You were on level 1 of the Dungeon.
You were not hungry.

You visited 1 branch of the dungeon, and saw 1 of its levels.

Inventory:

Hand Weapons
 a - a +0 falchion (weapon)
Armour
 b - a +0 leather armour (worn)
Comestibles
 d - a bread ration


   Skills:
 + Level 2.0 Fighting
 * Level 2.3 Long Blades
 + Level 1.1 Armour
 - Level 2.1 Dodging
 + Level 2.0 Spellcasting
 * Level 2.4 Charms


You had 3 spell levels left.
You knew the following spells:

 Your Spells              Type           Power        Failure   Level  Hunger
a - Infusion              Chrm           7/25         12%         1    ##.....

Your spell library contained the following spells:

 Spells                   Type           Power        Failure   Level  Hunger
 Song of Slaying          Chrm           7/100        19%         2    ###....
 Shroud of Golubria       Chrm/Tloc      4/50         30%         2    ###....
 Spectral Weapon          Hex/Chrm       4/100        52%         3    ####...
 Regeneration             Chrm/Necr      4/200        90%         4    #####..


Dungeon Overview and Level Annotations

Branches:
Dungeon (1/15)

Altars:


Innate Abilities, Weirdness & Mutations

You have a beak for a mouth.
You have claws for feet.


Message History

The dart slug launches a dart at you. The slug dart misses you.
You completely miss the dart slug. The dart slug closely misses you.
You hit the dart slug.
The dart slug is lightly wounded.
You are once again magically infusing your attacks.
The dart slug launches a dart at you. The slug dart hits you!
You hit the dart slug.
The dart slug is severely wounded.
The kobold hits you with a dagger. The dart slug bites you.
You lose control of your magical infusion.
Your skin tingles.
You hit the dart slug.
You claw the dart slug, but do no damage.
You peck the dart slug.
You kill the dart slug!
The kobold closely misses you.
You closely miss the kobold. Your kick misses the kobold.
The kobold hits you with a dagger.
You die...

..# ## #.#.# ###.#
#....... ..#.#
#..#.#.# #.#.#
#..#.#.###.#.# ###
#....#...#.#.# ####..
##.....#.#.#.####....#
#........#.#.#....####
#...†...>......####...
#....K...#.###.#......
#....@...#.# #.####...
#............... ####
#..............## #
#.......#[.....#
###.!...)......#
##...........#
#..?........# .
#........


You could see a kobold.

Vanquished Creatures
  A dart slug (D:1)
  A bat (D:1)
2 creatures vanquished.

Notes
Turn   | Place    | Note
-------+----------+-------------------------------------------
     0 | D:1      | hilarita the Tengu Skald began the quest for the Orb.
     0 | D:1      | Reached XP level 1. HP: 12/12 MP: 4/4
    31 | D:1      | Slain by a kobold

Vault maps used:
D:1:      dpeg_arrival_rhombus, minmay_stone_trees_medium,
          minmay_strange_pillars, chequers_serial_rivers_marsh

Action                   || total
-------------------------++-------
Melee: Falchion          ||     6
       Kick              ||     1
       Peck              ||     1
 Cast: * Infusion        ||     3
Dodge: Dodged            ||     4
       Rpst.: Falchion   ||     1
* Casting counts for permanent charms are approximate representations of how often the player would have had to cast a non-permanent spell for the same benefits.

Table legend:
 A = Spawn XP
 B = Non-spawn XP
 C = Spawn XP percentage of total XP
 D = Spawn monster count
 E = Non-spawn monster count
 F = Spawn count percentage of total count
 G = Total turns spent on level
                    A         B        C        D         E        F      G
               +---------+---------+-------+---------+---------+-------+---------
         Total |       0 |       5 |   0.0 |       0 |       2 |   0.0 |    31
               +---------+---------+-------+---------+---------+-------+---------
           D:1 |       0 |       5 |   0.0 |       0 |       2 |   0.0 |    31
               +---------+---------+-------+---------+---------+-------+---------
